Unix NetHack Version 5.0.0-0 post-release - last build May 31 2026 23:59:36 (970b52f25bf058293b47ddfd14a1e40e571c508c,branch:main).

Game began 2026-06-10 00:31:20, ended 2026-06-10 00:37:59.

ARFwashere, lawful male dwarven Archeologist

                           -----------               --------------
                           |.........-#              |............|
                          #..........|#            ##.............|
                          #|.........|#            # |............|    #+
                          #|.........|#            # ---------.----    #
                          #-------+---#            #    ##########     #
   ----------           ##0#######@##################  ##         #    #
   |.........############ ##       Z  #          #                ###  ##
   |........|              #       ######        #                  #   ###
   |........|              ###       #--.-------##                  ##    #
   |........-############### #       #|........|#          ----------.----#
   ----------    ####  -- -|-#       #|.........#          |......<.......#
                    ###. ...|#       #|.>......|           |.............|
                       |.   |#       #.........|           |.............|
                       |..  |#        ----------           ---------------
                       |    .#
                       |    |
                       |  .
                       ----

ARFwashere the Field Worker  St:10 Dx:11 Co:12 In:16 Wi:15 Ch:11  Lawful
Dlvl:3  $:44 HP:0(26) Pw:5(5) AC:9  Xp:3 T:948 

Latest messages:
 You hear some noises in the distance.
 You hear some noises in the distance.
 You descend the stairs.
 You climb up the stairs.
 You hear some noises in the distance.
 You hear some noises in the distance.
 With great effort you move the boulder.
 You hear some noises.
 You miss the fog cloud.
 You miss the fog cloud.
 You miss the fog cloud.
 The fog cloud engulfs you!
 You are laden with moisture and can barely breathe!
 You are enveloped in a cloud of steam!
 You hit the fog cloud.
 You hit the fog cloud.
 You hit the fog cloud.
 You hit the fog cloud.
 You are laden with moisture and can barely breathe!
 You hit the fog cloud.
 You hit the fog cloud.
 You are laden with moisture and can barely breathe!
 You hit the fog cloud.
 You hear some noises.
 You are laden with moisture and can barely breathe!
 You hit the fog cloud.
 You hit the fog cloud.
 You hit the fog cloud.
 You destroy the fog cloud!
 It misses the fog cloud.
 It misses the fog cloud.
 You hear some noises in the distance.
 You miss the orc zombie.
 You miss the orc zombie.
 You miss the orc zombie.
 The orc zombie hits!
 You find a hidden door.
 You hit the orc zombie.
 You miss the orc zombie.
 You hear some noises in the distance.
 You hit the orc zombie.
 The orc zombie hits!
 You hit the orc zombie.
 The orc zombie hits!
 You die...
 Do you want your possessions identified? [ynq] (y) n
 Do you want to see your attributes? [ynq] (y) n
 Do you want an account of creatures vanquished? [ynaq] (y) n
 Do you want to see your conduct and achievements? [ynq] (y) n
 Do you want to see the dungeon overview? [ynq] (y) n

Inventory:
 Coins    ('$')
  $ - 44 gold pieces
 Weapons  (')')
  a - a +2 bullwhip (alternate weapon; not wielded)
 Armor    ('[')
  c - an uncursed +0 fedora (being worn)
  b - an uncursed +0 leather jacket (being worn)
 Comestibles  ('%')
  d - 3 uncursed food rations
  n - a cursed tripe ration
  o - a cursed rotten tin of jackal meat
  s - an uncursed tin of szechuan bat meat
 Scrolls  ('?')
  k - an uncursed scroll of confuse monster
  p - a blessed scroll of light
 Spellbooks  ('+')
  j - a blessed spellbook of detect monsters
 Wands    ('/')
  l - a wand of sleep (0:8)
 Tools    ('(')
  i - an uncursed sack containing 1 item
  r - an uncursed mirror
  h - an uncursed tin opener
  f - a tinning kit (0:58)
 Gems/Stones  ('*')
  g - an uncursed touchstone

Contents of the sack:
  a +0 pick-axe

ARFwashere the Archeologist's attributes:

Background:
 You were a Field Worker, a level 3 male dwarven Archeologist.
 You were lawful, on a mission for Quetzalcoatl
 who was opposed by Camaxtli (neutral) and Huhetotl (chaotic).
 You were right-handed.
 You were in the Dungeons of Doom, on level 3.
 You entered the dungeon 948 turns ago.
 It was the midnight hour.
 You had 65 experience points, 15 more were needed to attain level 4.

Basics:
 You had 0 out of 26 hit points.
 You had all 5 energy points (spell power).
 Your armor class was 9.
 Your wallet contained 44 zorkmids.
 Autopickup was on for '$' plus thrown.

Final Characteristics:
 Your strength was 10 (limit:18/100).
 Your dexterity was 11 (limit:20).
 Your constitution was 12 (limit:20).
 Your intelligence was 16 (limit:16).
 Your wisdom was 15 (limit:16).
 Your charisma was 11 (limit:16).

Final Status:
 You weren't hungry.
 You were unencumbered.
 You were bare handed.
 You were unskilled in bare handed combat.

Final Attributes:
 You were devoutly aligned.
 You had automatic searching.
 You had infravision.
 You were lucky.
 You are dead.

Miscellaneous:
 You didn't encounter any bones levels.
 Total elapsed playing time was 6 minutes and 38 seconds.

Major events:
 Turn
    1: ARFwashere the lawful male dwarven Archeologist entered the dungeon
  798: attained the rank of Field Worker (level 3)
  948: killed by an orc zombie

You didn't know any spells.

Skills:
 Fighting Skills
   bare handed combat [Unskilled]
   two weapon combat  [Unskilled]
   riding             [Unskilled]
 Weapon Skills
   dagger             [Unskilled]
   knife              [Unskilled]
   pick-axe           [Basic]
   short sword        [Unskilled]
   saber              [Unskilled]
   club               [Unskilled]
   quarterstaff       [Unskilled]
   sling              [Unskilled]
   dart               [Unskilled]
   boomerang          [Unskilled]
   whip               [Basic]
   unicorn horn       [Unskilled]
 Spellcasting Skills
   attack spells      [Unskilled]
   healing spells     [Unskilled]
   divination spells  [Unskilled]
   matter spells      [Unskilled]

Voluntary challenges:
 Character rerolling was not enabled.
 You were an atheist.
 You never genocided any monsters.
 You never polymorphed an object.
 You never changed form.
 You used no wishes.
Achievements:
 You entered a shop.
 You attained the rank of Field Worker.

 The Dungeons of Doom: levels 1 to 4
    Level 1:
       A fountain.
    Level 2:
       A general store.
    Level 3: <- You were here.
       Final resting place for
          you, killed by an orc zombie.
    Level 4:


Vanquished creatures:
  2 fog clouds
 an acid blob
  a giant rat
  3 jackals
  a fox
  a goblin
  3 sewer rats
  a lichen
  a kobold zombie
  2 newts
16 creatures vanquished.

No species were genocided or became extinct.

Game over:
                       ----------
                      /          \
                     /    REST    \
                    /      IN      \
                   /     PEACE      \
                  /                  \
                  |    ARFwashere    |
                  |      44 Au       |
                  | killed by an orc |
                  |      zombie      |
                  |                  |
                  |                  |
                  |       2026       |
                 *|     *  *  *      | *
        _________)/\\_//(\/(/\)/\//\/|_)_______

Goodbye ARFwashere the Archeologist...

You died in The Dungeons of Doom on dungeon level 3 with 450 points,
and 44 pieces of gold, after 948 moves.
You were level 3 with a maximum of 26 hit points when you died.

